 Dungeon Crawl Stone Soup version 0.24-a0-274-gb3763e6d51 (webtiles) character file.

Game seed: 3884598848671175724

3121 HAL9000 the Covert (level 9, -4/42 HPs)
             Began as a Vine Stalker Assassin on Apr 26, 2019.
             Was an Initiate of Dithmenos.
             Slain by a killer bee (6 damage)
             ... on level 8 of the Dungeon.
             The game lasted 00:17:25 (6858 turns).

HAL9000 the Covert (Vine Stalker Assassin)          Turns: 6858, Time: 00:17:26

Health: -4/42      AC:  6    Str: 16    XL:     9   Next: 91%
Magic:  0/15       EV: 12    Int: 12    God:    Dithmenos [......]
Gold:   385        SH:  0    Dex: 20    Spells: 12/15 levels left

rFire    . . .     SeeInvis .   P - +1 dagger (elec)
rCold    . . .     Gourm    .   (no shield)
rNeg     . . .     Faith    .   c - +0 robe
rPois    .         Spirit   +   (no helmet)
rElec    .         Reflect  .   d - +0 cloak
rCorr    .         Harm     +   (no gloves)
MR       +....                  v - +2 pair of boots
Stlth    ++++++....             p - amulet of harm
HPRegen  0.54/turn              I - ring of stealth
MPRegen  0.14/turn              x - +4 ring of dexterity

@: lethally poisoned (-4 -> -4), about to teleport
A: fangs 3, regeneration 1, magic shield, antimagic bite, no potion heal 3, rot
immunity
a: Renounce Religion


You were on level 8 of the Dungeon.
You worshipped Dithmenos.
Dithmenos was noncommittal.
You were not hungry.

You visited 2 branches of the dungeon, and saw 9 of its levels.

You collected 455 gold pieces.
You spent 70 gold pieces at shops.

Inventory:

Hand Weapons
 a - a +2 dagger
 b - a +0 blowgun
 y - a +1 dagger of venom
 C - a +1 antimagic dagger
 P - a +1 dagger of electrocution (weapon)
Missiles
 e - 54 poisoned needles (quivered)
 J - 2 curare-tipped needles
Armour
 c - a +0 robe (worn)
 d - a +0 cloak (worn)
 v - a +2 pair of boots (worn)
Jewellery
 h - an uncursed ring of positive energy
 n - an uncursed amulet of the acrobat
 p - an amulet of harm (around neck)
 x - a +4 ring of dexterity (right hand)
 B - an uncursed ring of resist corrosion
 I - a ring of stealth (left hand)
Wands
 D - a wand of acid (8)
Scrolls
 f - a scroll of holy word {unknown}
 i - 7 scrolls of remove curse
 k - 2 scrolls of immolation {unknown}
 l - 2 scrolls of fog {unknown}
 r - a scroll of enchant weapon
 t - a scroll of blinking {unknown}
 w - a scroll of noise {unknown}
 z - 2 scrolls of random uselessness {unknown}
 E - a scroll of fear {unknown}
 F - a scroll of enchant armour {unknown}
 G - a scroll of amnesia {unknown}
Potions
 j - a potion of might {unknown}
 m - 5 potions of ambrosia
 o - 2 potions of mutation
 q - 2 potions of resistance
 s - 6 potions of curing
 u - a potion of haste
 H - 2 potions of magic
 K - 2 potions of lignification
 L - a potion of brilliance {unknown}
 M - a potion of agility {unknown}
 O - 2 potions of flight {unknown}
Comestibles
 g - 14 rations


   Skills:
 + Level 2.0 Fighting
 - Level 5.3 Short Blades
 - Level 1.7 Throwing
 - Level 0.7 Dodging
 - Level 12.0 Stealth
 + Level 3.8 Spellcasting
 * Level 7.5 Hexes


You had 12 spell levels left.
You knew the following spells:

 Your Spells              Type           Power        Failure   Level  Hunger
a - Confuse               Hex            ###.....     3%          3    ###....

Your spell library contained the following spells:

 Spells                   Type           Power        Failure   Level  Hunger
 Corona                   Hex            ###....      1%          1    #......
 Tukima's Dance           Hex            ###.....     3%          3    ###....
 Ensorcelled Hibernation  Hex/Ice        ##....       7%          2    ##.....
 Dazzling Spray           Conj/Hex       ##....       14%         3    ###....


Dungeon Overview and Level Annotations

Branches:
Dungeon (8/15)             Temple (1/1) D:5
   Lair: D:8-11

Altars:
Ashenzari
Cheibriados
Dithmenos
Elyvilon
Fedhas
Kikubaaqudgha
Makhleb
Nemelex Xobeh
Okawaru
Qazlal
Ru
Sif Muna
Trog
Uskayaw
Vehumet
Wu Jian
Xom
Zin
The Shining One

Shops:
D:6 *   D:7 ?


Innate Abilities, Weirdness & Mutations

You have razor-sharp teeth.
Your natural rate of healing is unusually fast.
When hurt, damage is shared between your health and your magic reserves.
Your bite disrupts and absorbs the magic of your enemies.
Potions cannot restore your health.
You are immune to rotting.


Message History

The killer bee barely misses you.
The killer bee misses the killer bee.
The killer bee completely misses itself.
You miss the killer bee. Your bite misses the killer bee.
The killer bee is lightly wounded.
The killer bee stings you.
You feel sick. The killer bee stings you.
* * * LOW HITPOINT WARNING * * *
Your surroundings suddenly seem different.
A killer bee comes into view. x2; A crimson imp comes into view.
The crimson imp shouts!
The killer bee buzzes angrily. x2; You hear a shout!
You feel sick.
You hear an angry buzzing noise.
The crimson imp blinks!
As you read the scroll of teleportation, it crumbles to dust.
You feel strangely unstable.
A killer bee comes into view.
The killer bee stings you!
* * * LOW HITPOINT WARNING * * *
You feel sick. The killer bee stings you.
You die...

#######.##### ......[......
........>.... #####
#............ #...#
#.######..### #...#
#.#.....<....
#...###.#.###[..#..
########.........#..[..#..
.........@####...#.#...###
.........y.###...#........
........y...##.#.####..###
.............#.#..........
.........y.....##รท###.#.##
.....y...y................
..............###.###.#.#.
..............# #..##+#+#.
..............# #.........


You could see 5 killer bees.

Vanquished Creatures
  Joseph (D:8)
  A hippogriff (D:7)
  2 ice beasts
  An orc warrior (D:6)
  3 sky beasts
  A black bear (D:8)
  4 ogres
  2 centaurs
  4 bullfrogs
  2 scorpions (D:8)
  2 killer bees (D:8)
  2 howler monkeys
  A bullfrog zombie (D:6)
  4 crimson imps
  A quasit (D:6)
  A hound (D:7)
  3 jellies
  An orc priest (D:6)
  6 orc wizards
  3 iguanas
  7 worker ants
  9 adders
  A howler monkey skeleton (D:4)
  2 shadow imps (D:7)
  2 oozes
  An adder skeleton (D:5)
  3 worms
  2 dart slugs
  7 leopard geckos
  18 orcs
  7 bats
  4 goblins
  7 hobgoblins
  6 jackals
  5 kobolds
  4 frilled lizards
  A jackal skeleton (D:4)
  A leopard gecko skeleton (D:4)
  7 rats
139 creatures vanquished.

Notes
Turn   | Place    | Note
-------+----------+-------------------------------------------
     0 | D:1      | HAL9000 the Vine Stalker Assassin began the quest for the
                  | Orb.
     0 | D:1      | Reached XP level 1. HP: 11/11 MP: 2/2
    29 | D:1      | Reached skill level 5 in Stealth
    89 | D:1      | Reached XP level 2. HP: 14/15 MP: 3/3
   859 | D:2      | Reached skill level 6 in Stealth
   859 | D:2      | Reached XP level 3. HP: 18/18 MP: 4/4
  1114 | D:2      | Gained mutation: Your natural rate of healing is unusually
                  | fast. [Vine Stalker growth]
  1114 | D:2      | Reached XP level 4. HP: 23/23 MP: 5/5
  1139 | D:2      | Found an ancient bone altar of Kikubaaqudgha.
  1172 | D:2      | Reached skill level 7 in Stealth
  1608 | D:3      | Reached XP level 5. HP: 23/26 MP: 4/6
  1663 | D:3      | Found a stormy altar of Qazlal.
  1693 | D:3      | Found a hide-covered altar of Uskayaw.
  1740 | D:3      | Found a white marble altar of Elyvilon.
  2383 | D:4      | Reached XP level 6. HP: 18/30 MP: 7/7
  2387 | D:4      | Reached skill level 8 in Stealth
  2686 | D:5      | Entered Level 5 of the Dungeon
  2903 | D:5      | Noticed a sky beast
  2948 | D:5      | Killed a sky beast
  3158 | D:5      | Noticed a sky beast
  3164 | D:5      | Reached XP level 7. HP: 32/34 MP: 6/8
  3179 | D:5      | Reached skill level 9 in Stealth
  3201 | D:5      | Found a staircase to the Ecumenical Temple.
  3229 | D:5      | Found a blossoming altar of Fedhas.
  3627 | D:6      | Reached skill level 10 in Stealth
  3702 | D:6      | Reached skill level 5 in Short Blades
  3702 | D:6      | Gained mutation: You have razor-sharp teeth. [Vine Stalker
                  | growth]
  3702 | D:6      | Reached XP level 8. HP: 22/38 MP: 9/9
  3884 | D:6      | Learned a level 3 spell: Confuse
  4046 | D:6      | Found Xateasch's General Store.
  4088 | D:6      | Found a burning altar of Makhleb.
  4133 | D:6      | Reached skill level 1 in Hexes
  4139 | D:6      | Reached skill level 11 in Stealth
  4342 | D:6      | Found a radiant altar of Vehumet.
  4565 | D:7      | Noticed a hippogriff
  4579 | D:7      | Killed a hippogriff
  4579 | D:7      | Reached skill level 12 in Stealth
  4749 | D:7      | Found Leka's Magic Scroll Boutique.
  4758 | D:7      | Bought a scroll of teleportation for 42 gold pieces
  4758 | D:7      | Bought a scroll of identify for 28 gold pieces
  4787 | D:7      | Reached XP level 9. HP: 42/42 MP: 10/10
  4832 | D:7      | Found a sacrificial altar of Ru.
  5108 | D:7      | Reached skill level 1 in Spellcasting
  5108 | D:7      | Reached skill level 5 in Hexes
  5716 | D:8      | Noticed Joseph
  5723 | D:8      | Killed Joseph
  6314 | D:8      | Found a bloodstained altar of Trog.
  6492 | Temple   | Entered the Ecumenical Temple
  6547 | Temple   | Became a worshipper of Dithmenos the Shadowed
  6857 | D:8      | HP: 2/42 [killer bee (9)]
  6858 | D:8      | Slain by a killer bee

Levels and vault maps discovered:
D:1:      minmay_arrival_cross, layout_loops_ring
D:2:      layout_basic, old_standard_altar, first_ration
D:3:      layout_loops_cross, elyvilon_altar_1, nicolae_overflow_hidden_temple
D:4:      layout_basic
D:5:      layout_gridville, fedhas_ov_isle_minmay,
          minmay_temple_entry_purple_smoke
D:6:      minmay_chambers_of_fours, layout_basic, kennysheep_little_box,
          makhleb_grotto_becter, serial_shops, nicolae_shop_trees
D:7:      layout_gridville, lemuel_round_altar, serial_shops, shop_scrolls
D:8:      layout_basic, bloody_trog, lemuel_mausoleum_altar_yredelemnul,
          uniq_joseph
Temple:   eino_wide_crystal_templ

Skill      XL: |  1  2  3  4  5  6  7  8  9 |
---------------+----------------------------+-----
Stealth        | 5 6 7 8 10 12 | 12.0
Short Blades   | 2 3 4 5 |  5.3
Hexes          | 4 7 |  7.5
Spellcasting   | 3 |  3.8
Fighting       | 2 |  2.0
Throwing       | |  1.7
Dodging        | |  0.7

Action                   |  1- 3 |  4- 6 |  7- 9 || total
-------------------------+-------+-------+-------++-------
Melee: Dagger            |    62 |   168 |   223 ||   453
       Bite              |    10 |    52 |    72 ||   134
 Fire: Blowgun           |     2 |     4 |    10 ||    16
 Cast: Confuse           |       |       |    13 ||    13
  Use: Scroll            |       |     4 |    10 ||    14
 Stab: Sleeping          |    15 |    14 |    28 ||    57
       Distracted        |       |     1 |     1 ||     2
       Confused          |       |       |     2 ||     2
  Eat: Chunk             |     1 |     6 |    11 ||    18
       Ration            |       |       |     1 ||     1
Armor: Robe              |    15 |    37 |    46 ||    98
Dodge: Dodged            |    29 |    67 |    96 ||   192

Table legend:
 A = Non-vault XP
 B = Vault XP
 C = Vault XP percentage of total XP
 D = Non-vault monster count
 E = Vault monster count
 F = Vault count percentage of total count
                 A         B        C        D         E       F
            +---------+---------+-------+---------+---------+-------
      Total |    3748 |     711 |  15.9 |     131 |       8 |   5.8
            +---------+---------+-------+---------+---------+-------
        D:1 |      28 |       0 |   0.0 |      13 |       0 |   0.0
        D:2 |     118 |       0 |   0.0 |      22 |       0 |   0.0
        D:3 |     103 |       0 |   0.0 |      19 |       0 |   0.0
        D:4 |     148 |       0 |   0.0 |      12 |       0 |   0.0
        D:5 |     493 |       0 |   0.0 |      11 |       0 |   0.0
        D:6 |     704 |     266 |  27.4 |      16 |       7 |  30.4
        D:7 |    1309 |       0 |   0.0 |      21 |       0 |   0.0
        D:8 |     845 |     445 |  34.5 |      17 |       1 |   5.6
            +---------+---------+-------+---------+---------+-------
